 Dungeon Crawl Stone Soup version 0.26.1-11-gd32895ea62 (webtiles) character file.

Game seed: 10200914677341757725

98 Zeld the Changer (level 4, -1/29 HPs)
             Began as an Octopode Transmuter on May 16, 2021.
             Slain by Ijyb
             ... wielding a +2 dagger of venom
              (3 damage)
             ... on level 3 of the Dungeon.
             The game lasted 00:03:27 (3482 turns).

Zeld the Changer (Octopode Transmuter)              Turns: 3482, Time: 00:03:28

Health: -1/29      AC:  0    Str: 12    XL:     4   Next: 71%
Magic:  7/7        EV: 20    Int: 15    God:
Gold:   57         SH:  0    Dex: 17    Spells: 2/8 levels left

rFire    . . .     SeeInvis .     - Unarmed
rCold    . . .     Faith    .   (shield currently unavailable)
rNeg     . . .     Spirit   .   (helmet currently unavailable)
rPois    .         Reflect  .   (no amulet)
rElec    .         Harm     .   (ring currently unavailable)
rCorr    .         Rampage  .   (ring currently unavailable)
Will     .....                  (ring currently unavailable)
Stlth    ++........             (ring currently unavailable)
HPRegen  0.09/turn              (ring currently unavailable)
MPRegen  0.10/turn              (ring currently unavailable)
                                (ring currently unavailable)
                                (ring currently unavailable)

@: lethally poisoned (-1 -> -10), bat-form, attractive, flying, very quick
A: tiny, almost no armour, stealthy swim, (amphibious), (8 rings), (constrict
8), strong 1
a: Stop Flying


You were on level 3 of the Dungeon.
You were in bat-form.
You visited 1 branch of the dungeon, and saw 3 of its levels.

You collected 57 gold pieces.

Inventory:

Jewellery
 i - an uncursed ring of ice {unknown}
Scrolls
 a - 3 scrolls of noise {unknown}
 b - a scroll of identify {unknown}
 c - 2 scrolls of teleportation {unknown}
 e - 2 scrolls of remove curse {unknown}
 f - 2 scrolls of fear {unknown}
 g - a scroll of magic mapping {unknown}


   Skills:
 + Level 2.0 Fighting
 + Level 2.8 Dodging
 - Level 3.0 Unarmed Combat
 + Level 2.5 Spellcasting
 * Level 3.3 Transmutations


You had 2 spell levels left.
You knew the following spells:

 Your Spells              Type           Power        Failure   Level
a - Beastly Appendage     Tmut           22%          5%          1
b - Wereblood             Tmut           11%          9%          2
c - Spider Form           Tmut/Pois      3%           32%         3

Your spell library contained the following spells:

 Spells                   Type           Power        Failure   Level
 Confusing Touch          Hex            1%           54%         3
 Gell's Gravitas          Tloc           0%           54%         3
 Ice Form                 Ice/Tmut       6%           71%         4
 Petrify                  Tmut/Erth      6%           71%         4
 Blade Hands              Tmut           5%           83%         5
 Yara's Violent Unravell  Hex/Tmut       3%           96%         5
 Metabolic Englaciation   Hex/Ice        0%           99%         5


Dungeon Overview and Level Annotations

Branches:
Dungeon (3/15)

Altars:

Annotations:
D:3 Ijyb, Robin


Innate Abilities, Weirdness & Mutations

You cannot wear most types of armour.
You are very stealthy in the water. (Stealth+)
((You are amphibious.))
((You can wear up to eight rings at the same time.))
((You can use your tentacles to constrict eight enemies at once.))
((Your skin changes colour to match your surroundings (Stealth+).))
((Your rubbery body absorbs attacks. (AC +1, EV +1)))
((You are partially covered in icy blue scales. (AC +2)))
Your muscles are strong. (Str +2)


Message History

You feel sick. Ijyb is pulled toward you!
It was a potion of mutation.
You feel extremely strange.
Icy blue scales grow over part of your body.
You feel stronger.
* * * LOW HITPOINT WARNING * * *
You feel sick. Ijyb misses you. The goblin is pulled toward you!
You hit Ijyb but do no damage.
Ijyb is heavily wounded.
* * * LOW HITPOINT WARNING * * *
You feel sick.
Ijyb zaps a wand.
You completely miss Ijyb.
Ijyb is heavily wounded.
* * * LOW HITPOINT WARNING * * *
You feel sick.
Ijyb zaps a wand.
You resist with some effort.
You hit Ijyb but do no damage.
Ijyb is heavily wounded.
* * * LOW HITPOINT WARNING * * *
You feel sick.
Ijyb hits you with a +2 dagger of venom.
You die...

#........##.....#
#........##.....#
##.......##.....#
##......>.#.....#
##........#.....#
###......#.....#
##'#########.##
#####.# #..#
#....# ......#
##b# #....#
####### #g##
#....# #g.#
#....#
##.###....####.
#..#........'.
######'#.......#
#........g.....#
#..............#
#..............#


You could see Ijyb and a goblin.

Vanquished Creatures
  3 adders (D:2)
  2 worms (D:2)
  A leopard gecko (D:1)
  An orc (D:3)
  6 giant cockroaches
  7 goblins
  13 hobgoblins
  7 jackals
  5 kobolds
  A quokka (D:3)
  A ball python (D:1)
  5 bats
  4 frilled lizards
  2 rats (D:1)
58 creatures vanquished.

Notes
Turn   | Place    | Note
-------+----------+-------------------------------------------
     0 | D:1      | Zeld the Octopode Transmuter began the quest for the Orb.
     0 | D:1      | Reached XP level 1. HP: 13/13 MP: 3/3
   212 | D:1      | Reached XP level 2. HP: 17/18 MP: 3/5
   470 | D:1      | Learned a level 2 spell: Wereblood
   909 | D:1      | Reached XP level 3. HP: 19/23 MP: 4/6
   913 | D:1      | Learned a level 3 spell: Spider Form
  1835 | D:2      | Reached XP level 4. HP: 13/29 MP: 3/7
  2791 | D:3      | Noticed Robin
  3455 | D:3      | Noticed Ijyb
  3479 | D:3      | Gained mutation: You are partially covered in icy blue
                  | scales. (AC +2) [potion of mutation]
  3479 | D:3      | Gained mutation: Your muscles are strong. (Str +2) [potion
                  | of mutation]
  3482 | D:3      | Slain by Ijyb

Illustrated notes

Levels and vault maps discovered:
D:1:      psy_arrival_whirlpool, layout_loops_ring
D:2:      layout_rooms, minmay_unequal
D:3:      layout_basic, uniq_robin, uniq_ijyb

Skill      XL: |  1  2  3  4 |
---------------+-------------+-----
Transmutations | 3 |  3.3
Fighting       | 2 |  2.0
Dodging        | |  2.8
Unarmed Combat | |  3.0
Spellcasting   | |  2.5

Action                   |  1- 3 |  4- 6 || total
-------------------------+-------+-------++-------
Melee: Unarmed           |    82 |    48 ||   130
       Constrict         |    28 |    13 ||    41
       Kick              |    28 |    10 ||    38
       Tentacles         |    14 |     4 ||    18
       Punch             |       |     1 ||     1
 Cast: Beastly Appendage |    28 |    14 ||    42
       Wereblood         |     3 |       ||     3
  Use: Potion            |       |     2 ||     2
 Stab: Sleeping          |     3 |     3 ||     6
Armor: Skin              |    12 |     3 ||    15
Dodge: Dodged            |    60 |    29 ||    89
